Map: 2000 Atmospheres LE

Players

PattyMac

  • Race: Protoss Protoss
  • League: Grandmaster

PureLegacy - Winner!

  • Race: Terran Terran

Event: DreamHack SC2 Masters 2021 Summer

VOD

Have the link to the VOD?

Description

Time

  • Played on: May 28, 2021, 3:35 p.m.
  • Length: 6:30

All games in this series

Show
View Real Time Build Order
Export as new Build Order

PattyMac Protoss 

Build Orders: 1 Gate Expand, Zealot Archon, Archon Drop, Dark Templar Rush 

Get SALT Encoding   

  12  0:00  Probe  
  13  0:12  Probe  
  14  0:17  Pylon  
  14  0:24  Probe (Chrono Boost)  
  16  0:36  Probe (Chrono Boost)  
  16  0:37  Gateway  
  16  0:43  Probe (Chrono Boost)  
  16  0:46  Assimilator  
  17  0:51  Probe  
  18  1:03  Probe  
  19  1:15  Probe  
  20  1:24  Cybernetics Core  
  20  1:32  Nexus  
  20  1:35  Probe  
  21  1:43  Pylon  
  21  1:47  Probe  
  21  1:51  Assimilator  
  21  1:59  Probe (Chrono Boost)  
  21  2:01  Adept  
  24  2:03  Warp Gate  
  24  2:11  Probe (Chrono Boost)  
  25  2:16  Probe (Chrono Boost)  
  25  2:21  Twilight Council  
  26  2:26  Probe (Chrono Boost)  
  27  2:34  Stalker  
  27  2:35  Probe (Chrono Boost)  
  31  2:44  Probe x2 (Chrono Boost)  
  32  2:53  Probe (Chrono Boost)  
  32  2:55  Probe (Chrono Boost)  
  34  2:58  Probe (Chrono Boost)  
  34  3:02  Dark Shrine  
  34  3:04  Pylon  
  35  3:06  Probe  
  35  3:12  Probe  
  37  3:18  Probe  
  38  3:20  Robotics Facility  
  38  3:24  Probe  
  38  3:26  Gateway  
  39  3:30  Probe  
  39  3:33  Gateway  
  40  3:37  Probe, Assimilator  
  40  3:39  Assimilator  
  41  3:44  Probe  
  42  3:50  Probe  
  42  3:51  Stalker  
  45  3:56  Probe  
  45  3:58  Pylon  
  45  4:02  Probe  
  47  4:04  Blink (Chrono Boost), Warp Prism (Chrono Boost)  
  47  4:08  Probe  
  50  4:14  Probe  
  50  4:16  Dark Templar  
  53  4:20  Probe  
  53  4:22  Dark Templar  
  56  4:27  Shield Battery  
  56  4:30  Pylon  
  56  4:35  Probe  
  56  4:37  Stalker  
  59  4:43  Probe  
  60  4:50  Probe  
  61  4:56  Probe  
  62  5:01  Pylon  
  63  5:07  Probe  
  63  5:11  Probe  
  63  5:13  Dark Templar x3  
  70  5:18  Archon  
  70  5:19  Probe  
  67  5:21  Nexus  
  67  5:24  Pylon  
  67  5:25  Robotics Bay  
  67  5:34  Probe x2  
  69  5:40  Observer (Chrono Boost)  
  70  5:45  Shield Battery  
  70  5:46  Probe, Dark Templar  
  70  5:48  Stalker x2  
  77  5:50  Probe  
  77  5:53  Archon  
  78  5:58  Probe  
  78  6:02  Probe  
  80  6:08  Pylon  
  80  6:09  Pylon  
  79  6:13  Probe  
  79  6:16  Zealot  
  79  6:17  Zealot  
  70  6:18  Dark Templar  
Show
View Real Time Build Order
Export as new Build Order

PureLegacy Terran - Winner!

Build Orders:  

Get SALT Encoding   

  12  0:00  SCV  
  13  0:12  SCV  
  14  0:17  Supply Depot  
  14  0:24  SCV  
  15  0:38  SCV  
  15  0:40  Barracks  
  16  0:44  Refinery  
  16  0:50  SCV  
  17  1:02  SCV  
  18  1:15  SCV  
  19  1:26  Marine  
  19  1:27  Orbital Command  
  20  1:41  Command Center  
  20  1:48  Barracks Reactor  
  20  1:51  Supply Depot  
  21  1:54  SCV  
  21  2:06  SCV  
  22  2:18  SCV  
  22  2:22  Command Center  
  23  2:27  Marine x2  
  25  2:30  SCV  
  26  2:37  Barracks  
  26  2:42  SCV  
  27  2:45  Marine x2  
  29  2:59  Barracks  
  29  3:03  SCV, Orbital Command  
  30  3:10  Marine x2  
  32  3:15  SCV  
  33  3:21  Engineering Bay  
  33  3:26  Barracks Tech Lab  
  33  3:27  SCV  
  33  3:31  SCV  
  33  3:32  Marine  
  33  3:33  Marine  
  37  3:39  Orbital Command, SCV  
  38  3:43  SCV  
  38  3:45  Stimpack  
  38  3:47  Barracks Tech Lab  
  39  3:51  SCV  
  39  3:53  Marine  
  39  3:54  Marine x2  
  43  3:57  SCV  
  43  3:59  Terran Infantry Weapons Level 1  
  44  4:03  SCV  
  44  4:06  Marine, Combat Shield  
  44  4:07  SCV  
  44  4:09  SCV  
  48  4:13  Marine x2  
  48  4:14  Marauder  
  48  4:15  SCV  
  53  4:19  Supply Depot  
  53  4:21  SCV  
  53  4:22  SCV  
  55  4:25  Refinery, Marauder  
  55  4:28  SCV  
  55  4:31  Refinery  
  58  4:33  SCV, Marine x2  
  61  4:41  SCV x2  
  61  4:42  Supply Depot  
  61  4:45  Supply Depot  
  62  4:47  SCV, Marauder  
  62  4:49  Marauder  
  62  4:51  Marine x2  
  69  4:56  Missile Turret  
  69  4:58  Missile Turret  
  69  5:03  SCV x3  
  64  5:15  SCV  
  64  5:19  Marauder x2, Marine x2  
  64  5:21  Factory  
  69  5:24  SCV x2  
  69  5:27  Concussive Shells, Supply Depot  
  71  5:30  SCV  
  72  5:36  SCV  
  72  5:37  Marine x2  
  72  5:42  Marauder x2  
  79  5:44  SCV  
  79  5:45  SCV  
  81  5:51  SCV  
  81  5:52  Supply Depot  
  81  5:57  Marine x2  
  82  6:00  Refinery  
  84  6:05  Marauder x2  
  84  6:08  Starport  
  88  6:11  Factory Reactor  
Tags
 
Add a new tag
Caveats
  • Supply blocks, unpowered buildings, or Contaminate may cause inaccurate times.
  • Supply counts are checked every 10 seconds.